 Dungeon Crawl Stone Soup version 0.28-a0-95-g65e1ffefe4 (webtiles) character file.

Game seed: 1486028085214855554

12420 Gargoyl the Fighter (level 11, -3/89 HPs)
             Began as a Gnoll Abyssal Knight on Aug 8, 2021.
             Was a High Priest of Lugonu.
             Slain by a bullfrog (6 damage)
             ... on level 1 of the Lair of Beasts.
             The game lasted 00:19:05 (14554 turns).

Gargoyl the Fighter (Gnoll Abyssal Knight)         Turns: 14554, Time: 00:19:05

Health: -3/89      AC: 13    Str: 24    XL:     11   Next: 93%
Magic:  21/21      EV: 14    Int: 12    God:    Lugonu [*****.]
Gold:   166        SH: 12    Dex: 11    Spells: 23/23 levels left

rFire   . . .      SeeInvis .   g - +4 hand axe (elec)
rCold   . . .      Faith    .   y - +2 buckler {rN+}
rNeg    + + .      Spirit   .   j - +1 chain mail {rPois}
rPois   +          Reflect  +   (no helmet)
rElec   +          Harm     .   (no cloak)
rCorr   +          Rampage  .   (no gloves)
Will    .....                   w - +0 pair of boots
Stlth   ..........              z - amulet of Exhibitionism {Reflect rElec Str+3 SH+5}
HPRegen 0.24/turn               d - ring "Diysh" {rN+ rCorr Str+6}
MPRegen 0.17/turn               l - +4 ring of evasion

@: on berserk cooldown, slowed, very slow
A: fangs 1, strong nose, distributed training
a: Renounce Religion, Depart the Abyss, Bend Space, Banish, Corrupt, Enter the
Abyss


You were on level 1 of the Lair of Beasts.
You worshipped Lugonu.
Lugonu was extremely pleased with you.
You visited 2 branches of the dungeon, and saw 11 of its levels.
You visited the Abyss 1 time.
You also visited: Bailey.

You collected 703 gold pieces.
You spent 537 gold pieces at shops.

Inventory:

Hand Weapons
 a - a +4 hand axe of draining
 g - a +4 hand axe of electrocution (weapon)
 r - a +2 spear of flaming
 t - a +4 rapier of electrocution
 x - a +0 broad axe
 B - a +2 long sword of flaming
Missiles
 n - 50 poisoned darts (quivered)
Armour
 j - a +1 chain mail of poison resistance (worn)
 w - a +0 pair of boots (worn)
 y - a +2 buckler of positive energy (worn)
Jewellery
 c - an amulet of guardian spirit
 d - the ring "Diysh" (left hand) {rN+ rCorr Str+6}
   (You acquired it on level 2 of the Abyss)

   [ring of strength]

   Str:       It affects your strength (+6).
   rN:        It protects you from negative energy.
   rCorr:     It protects you from acid and corrosion.
 l - a +4 ring of evasion (right hand)
 z - the amulet of Exhibitionism (around neck) {Reflect rElec Str+3 SH+5}
   (You found it on level 1 of the Lair of Beasts)

   [amulet of reflection]

   It reflects blocked missile attacks.
   Str:       It affects your strength (+3).
   rElec:     It insulates you from electricity.
   SH:        It affects your SH (+5).
Wands
 b - a wand of flame (72)
 q - a wand of digging (4)
 u - a wand of paralysis (9)
Scrolls
 e - 2 scrolls of fog
 h - a scroll of identify
 o - a scroll of holy word
 v - a scroll of teleportation
 A - a scroll of blinking
Potions
 f - a potion of invisibility
 m - a potion of lignification {unknown}
 p - a potion of mutation {unknown}
 s - a potion of brilliance {unknown}


   Skills:
 + Level 9.5 Fighting
 + Level 6.7 Short Blades
 + Level 6.7 Long Blades
 + Level 8.2 Axes
 + Level 6.7 Maces & Flails
 + Level 6.7 Polearms
 + Level 6.7 Staves
 + Level 6.7 Slings
 + Level 6.7 Bows
 + Level 6.7 Crossbows
 + Level 6.7 Throwing
 + Level 8.2 Armour
 + Level 7.3 Dodging
 + Level 6.7 Stealth
 + Level 6.7 Shields
 + Level 6.7 Unarmed Combat
 + Level 6.7 Spellcasting
 + Level 5.6 Conjurations
 + Level 5.6 Hexes
 + Level 5.6 Summonings
 + Level 5.6 Necromancy
 + Level 5.6 Translocations
 + Level 5.6 Transmutations
 + Level 5.6 Fire Magic
 + Level 5.6 Ice Magic
 + Level 5.6 Air Magic
 + Level 5.6 Earth Magic
 + Level 5.6 Poison Magic
 + Level 8.8 Invocations
 + Level 6.7 Evocations


You had 23 spell levels left.
You didn't know any spells.
Your spell library contained the following spells:

 Spells                   Type           Power      Damage    Failure   Level
 Freeze                   Ice            68%        1d8       10%         1
 Frozen Ramparts          Ice            34%        1d5       28%         3
 Dispel Undead            Necr           17%        3d10      67%         4
 Hailstorm                Conj/Ice       17%        3d6       67%         4
 Leda's Liquefaction      Hex/Erth       8%         N/A       67%         4
 Bolt of Magma            Conj/Fire/Erth 8%         4d6       95%         5
 Fireball                 Conj/Fire      8%         3d6       95%         5
 Iskenderun's Battlesphe  Conj           17%        2d7       95%         5
 Lightning Bolt           Conj/Air       8%         1d21      95%         5
 Conjure Ball Lightning   Conj/Air       8%         3x3d6     100%        6
 Statue Form              Tmut/Erth      11%        N/A       100%        6
 Orb of Destruction       Conj           8%         9d4       100%        7


Dungeon Overview and Level Annotations

Branches:
Dungeon (10/15)            Temple (0/1) D:5            Lair (1/6) D:9
    Orc (0/2) D:9          Bailey (visited)

Altars:
Ashenzari
Gozag
Kikubaaqudgha
Vehumet

Shops:
D:2 [   D:4 *   D:8 *****   D:10 [:[

Annotations:
Abyss:1 Fama's ghost, journeyman TeBe


Innate Abilities, Weirdness & Mutations

You have very sharp teeth.
Your uncanny sense of smell can sniff out nearby items.
Your experience applies equally to all skills.


Message History

* * * LOW HITPOINT WARNING * * *
You block the wolf's attack.
As you read the scroll of teleportation, it crumbles to dust.
You feel strangely unstable. You block the wolf's attack.
The blink frog blinks!
The wolf bites you.
* * * LOW HITPOINT WARNING * * *
The blink frog blinks!
The wolf barely misses you. The wolf bites you but does no damage.
You miss the wolf. You bite the wolf.
The wolf is moderately wounded.
Your surroundings suddenly seem different.
Found 16 gold pieces and 22 sling bullets. 2 bullfrogs come into view.
The bullfrog gives a loud, deep croak! x2
The bullfrog moves out of view.
Throw: 51 darts (poison)
Press: ? - help, Q - select action, (/) - cycle Shift-Dir - straight line, f - bullfrog
Aim: a bullfrog (58% to hit)
You throw a poisoned dart.
The poisoned dart barely misses the bullfrog.
The bullfrog hits you.
* * * LOW HITPOINT WARNING * * *
You block the bullfrog's attack.
You slash the bullfrog! Your bite misses the bullfrog.
The bullfrog is heavily wounded.
You hit the bullfrog. You closely miss the bullfrog.
The bullfrog barely misses you. You block the bullfrog's attack.
The bullfrog hits you but does no damage. x2
You block the bullfrog's attack.
The bullfrog hits you but does no damage.
You hit the bullfrog. You bite the bullfrog.
The bullfrog is almost dead.
Your chain mail prevents you from hitting the bullfrog.
You hit the bullfrog. The bullfrog hits you.
* * * LOW HITPOINT WARNING * * *
The bullfrog closely misses you. You block the bullfrog's attack.
The bullfrog misses you.
The bullfrog hits you but does no damage.
The bullfrog hits you.
You die...

#....#... . ....#..
#...##... ......# ....#..
#...##...# .....(# ...P..
P...# ... ....... ......
.. ....... ...#..
.##......# ....#..
##(#......#.##.#.#..
...####..#F..............<
.........@F.......(.......
......$..F................
..........................
..##.##.##P....P...P......
. #.. #.P #.....P.........
## ... ...(...........
.... #......P.P.P....
.....##...............
#.....F......(...


You could see 3 bullfrogs.

Vanquished Creatures
  A hydra (D:10)
  A two-headed ogre (D:10)
  Pikel (D:5)
  The ghost of mokujin the Magician, a novice DgAE (D:7)
  A komodo dragon (Lair:1)
  A rime drake (Lair:1)
  A kobold demonologist (D:10)
  A troll (D:10)
  A hornet (D:8)
  3 blink frogs (Lair:1)
  Sigmund (D:4)
  A wraith (D:9)
  3 yaks
  A steam dragon (D:8)
  Eustachio (D:5)
  4 vampire mosquitoes (D:8)
  Menkaure (D:5)
  Edmund (D:5)
  A water moccasin (Lair:1)
  5 orc warriors
  3 sky beasts
  3 ice beasts
  2 necrophages (D:6)
  An ogre (D:6)
  4 wolves (Lair:1)
  5 centaurs
  7 kobold brigands (D:7)
  3 bullfrogs
  3 scorpions
  2 wyvern zombies
  20 killer bees
  3 water moccasin skeletons
  14 wights
  An electric eel (D:8)
  4 howler monkeys
  2 bullfrog zombies
  2 jellies
  A hound (D:5)
  4 orc priests
  A centaur skeleton (D:4)
  A scorpion zombie (D:5)
  5 iguanas
  12 orc wizards
  2 howler monkey zombies (D:9)
  4 gnolls (D:5)
  A howler monkey skeleton (D:7)
  8 adders
  A white imp (D:5)
  42 orcs
  5 bats
  10 endoplasms
  6 giant cockroaches
  8 goblins
  5 hobgoblins
  3 jackals (D:1)
  8 quokkas
  5 ball pythons
  3 frilled lizards
  11 kobolds
  9 rats
265 creatures vanquished.

Vanquished Creatures (others)
  A kobold brigand (D:7)
  An orc wizard (D:5)
  3 fungi (Lair:1)
  4 plants (Lair:1)
9 creatures vanquished.

Grand Total: 274 creatures vanquished

Notes
Turn   | Place    | Note
-------+----------+-------------------------------------------
     0 | Abyss:1  | Gargoyl the Gnoll Abyssal Knight began the quest for the
                  | Orb.
     0 | Abyss:1  | Reached XP level 1. HP: 23/23 MP: 3/3
    99 | Abyss:2  | Identified a scroll of acquirement
    99 | Abyss:2  | Acquired the ring "Diysh" {rN+ rCorr Str+6}
   112 | Abyss:2  | Noticed a daeva
   113 | D:1      | Escaped the Abyss
   128 | D:1      | Found a runed translucent door.
   139 | D:1      | Reached XP level 2. HP: 23/29 MP: 5/5
   139 | D:1      | Reached * piety under Lugonu
   441 | D:1      | Found a faded altar of an unknown god.
   453 | D:1      | Reached XP level 3. HP: 35/35 MP: 6/6
   971 | D:2      | Found Roopliut's Antique Armour Boutique.
  1007 | D:2      | Reached skill level 1 in Short Blades
  1007 | D:2      | Reached skill level 1 in Long Blades
  1007 | D:2      | Reached skill level 1 in Maces & Flails
  1007 | D:2      | Reached skill level 1 in Polearms
  1007 | D:2      | Reached skill level 1 in Staves
  1007 | D:2      | Reached skill level 1 in Slings
  1007 | D:2      | Reached skill level 1 in Bows
  1007 | D:2      | Reached skill level 1 in Crossbows
  1007 | D:2      | Reached skill level 1 in Throwing
  1007 | D:2      | Reached skill level 1 in Stealth
  1007 | D:2      | Reached skill level 1 in Shields
  1007 | D:2      | Reached skill level 1 in Unarmed Combat
  1007 | D:2      | Reached skill level 1 in Spellcasting
  1007 | D:2      | Reached skill level 1 in Evocations
  1157 | D:2      | Reached ** piety under Lugonu
  1183 | D:2      | You fall into a shaft and drop 2 floors!
  1227 | D:4      | Found an opulent altar of Gozag.
  1241 | D:3      | Reached XP level 4. HP: 35/41 MP: 7/7
  1535 | D:2      | Reached skill level 1 in Conjurations
  1535 | D:2      | Reached skill level 1 in Hexes
  1535 | D:2      | Reached skill level 1 in Summonings
  1535 | D:2      | Reached skill level 1 in Necromancy
  1535 | D:2      | Reached skill level 1 in Translocations
  1535 | D:2      | Reached skill level 1 in Transmutations
  1535 | D:2      | Reached skill level 1 in Fire Magic
  1535 | D:2      | Reached skill level 1 in Ice Magic
  1535 | D:2      | Reached skill level 1 in Air Magic
  1535 | D:2      | Reached skill level 1 in Earth Magic
  1535 | D:2      | Reached skill level 1 in Poison Magic
  1860 | D:3      | Found a radiant altar of Vehumet.
  1957 | D:3      | Found a broken altar of Ashenzari.
  2089 | D:3      | Got the Handbook of Doomed Confrontation
  2221 | D:4      | Reached XP level 5. HP: 44/47 MP: 8/8
  2735 | D:4      | Reached skill level 5 in Invocations
  2735 | D:4      | Reached XP level 6. HP: 34/53 MP: 9/9
  2951 | D:4      | Reached skill level 5 in Axes
  2951 | D:4      | Reached skill level 5 in Armour
  3272 | D:4      | Noticed Sigmund
  3296 | D:4      | Killed Sigmund
  3297 | D:4      | Reached skill level 7 in Fighting
  3297 | D:4      | Reached XP level 7. HP: 30/60 MP: 10/10
  3473 | D:4      | Found Pofiafar's Assorted Antiques.
  3948 | D:5      | Entered Level 5 of the Dungeon
  4113 | D:5      | Acquired a +4 ring of evasion
  4290 | D:2      | Bought a glowing buckler for 165 gold pieces
  4414 | D:5      | Found a staircase to the Ecumenical Temple.
  4447 | D:5      | Reached XP level 8. HP: 34/67 MP: 12/12
  4936 | D:5      | Reached *** piety under Lugonu
  5084 | D:5      | Noticed Eustachio
  5104 | D:5      | Killed Eustachio
  5199 | D:5      | Noticed Edmund
  5208 | D:5      | Killed Edmund
  5301 | D:5      | Noticed Menkaure
  5310 | D:5      | Killed Menkaure
  5483 | D:5      | You fall into a shaft and drop 3 floors!
  5483 | D:8      | Found Oloate's General Store.
  5496 | D:8      | Found Ywyiqup's General Store.
  5535 | D:7      | Reached XP level 9. HP: 45/72 MP: 14/14
  6002 | D:7      | Found a flagged portal.
  6009 | Bailey   | Entered a bailey
  6250 | D:7      | Reached skill level 5 in Dodging
  6884 | D:5      | Reached skill level 8 in Fighting
  7054 | D:6      | Noticed Pikel
  7077 | D:5      | Killed Pikel
  7378 | D:6      | Reached **** piety under Lugonu
  7526 | D:6      | Reached XP level 10. HP: 80/80 MP: 17/17
  8096 | D:7      | Reached skill level 5 in Short Blades
  8096 | D:7      | Reached skill level 5 in Long Blades
  8096 | D:7      | Reached skill level 5 in Maces & Flails
  8096 | D:7      | Reached skill level 5 in Polearms
  8096 | D:7      | Reached skill level 5 in Staves
  8096 | D:7      | Reached skill level 5 in Slings
  8096 | D:7      | Reached skill level 5 in Bows
  8096 | D:7      | Reached skill level 5 in Crossbows
  8096 | D:7      | Reached skill level 5 in Throwing
  8096 | D:7      | Reached skill level 5 in Stealth
  8096 | D:7      | Reached skill level 5 in Shields
  8096 | D:7      | Reached skill level 5 in Unarmed Combat
  8096 | D:7      | Reached skill level 5 in Spellcasting
  8096 | D:7      | Reached skill level 5 in Evocations
  8686 | D:7      | Found a runed translucent gate.
  8686 | D:7      | Found a runed translucent gate.
  8686 | D:7      | Found a runed translucent gate.
  8688 | D:7      | Noticed mokujin's ghost (novice DgAE)
  8731 | D:7      | Killed mokujin's ghost
  8749 | D:7      | Paralysed by a kobold brigand for 4 turns
  8758 | D:7      | Paralysed by a kobold brigand for 6 turns
  8760 | D:7      | HP: 3/82 [kobold brigand (7)]
  8761 | D:7      | HP: 1/82 [kobold brigand (2)]
  9217 | D:7      | Found an ancient bone altar of Kikubaaqudgha.
  9509 | D:8      | Found Usin's General Store.
  9906 | D:8      | Found Kiykhaytt's Assorted Antiques.
 10002 | D:8      | Bought a potion of heal wounds for 165 gold pieces
 10373 | D:8      | Bought a +1 chain mail of poison resistance for 162 gold
                  | pieces
 10436 | D:8      | Found Biapeedatu's General Store.
 10463 | D:8      | Paralysed by a hornet for 1 turns
 10840 | D:8      | Bought a scroll of teleportation for 45 gold pieces
 11206 | D:9      | Reached XP level 11. HP: 82/87 MP: 19/19
 11485 | D:9      | Reached skill level 9 in Fighting
 11519 | D:9      | Reached ***** piety under Lugonu
 11738 | D:9      | Reached skill level 5 in Conjurations
 11738 | D:9      | Reached skill level 5 in Hexes
 11738 | D:9      | Reached skill level 5 in Summonings
 11738 | D:9      | Reached skill level 5 in Necromancy
 11738 | D:9      | Reached skill level 5 in Translocations
 11738 | D:9      | Reached skill level 5 in Transmutations
 11738 | D:9      | Reached skill level 5 in Fire Magic
 11738 | D:9      | Reached skill level 5 in Ice Magic
 11738 | D:9      | Reached skill level 5 in Air Magic
 11738 | D:9      | Reached skill level 5 in Earth Magic
 11738 | D:9      | Reached skill level 5 in Poison Magic
 11898 | D:9      | Found a staircase to the Lair.
 12121 | D:9      | Found a staircase to the Orcish Mines.
 12146 | D:10     | Entered Level 10 of the Dungeon
 12147 | D:10     | Acquired a +1 buckler of positive energy
 12209 | D:10     | Found a runed translucent gate.
 12222 | D:10     | Found a runed translucent gate.
 12224 | D:10     | Noticed a ten-headed hydra
 12224 | D:10     | Noticed Fama's ghost (journeyman TeBe)
 12226 | D:10     | Found a runed translucent gate.
 12246 | D:10     | Killed a three-headed hydra
 12250 | D:10     | Banished Fama's ghost
 12474 | D:10     | Identified the +5 war axe of Squeaky Judgement {distort,
                  | rC- rN+ SInv}
 12530 | D:10     | HP: 3/89 [ice devil[a kobold demonologist] (11)]
 12986 | D:10     | Found Ihoont's Armour Emporium.
 13676 | D:10     | Found Hadoblos's Armour Shop.
 13723 | D:10     | Found Ekhaj's Book Shop.
 13792 | D:10     | Noticed a two-headed ogre
 13809 | D:10     | Killed a two-headed ogre
 14381 | Lair:1   | Entered Level 1 of the Lair of Beasts
 14420 | Lair:1   | Identified the amulet of Exhibitionism {Reflect rElec Str+3
                  | SH+5}
 14442 | Lair:1   | Noticed a five-headed hydra
 14554 | Lair:1   | HP: 3/89 [bullfrog (6)]
 14554 | Lair:1   | Slain by a bullfrog

Illustrated notes

Levels and vault maps discovered:
D:1:      dpeg_arrival_caged_fury, layout_rooms,
          chequers_ecumenical_altar_island, kennysheep_flooded_box,
          minivault_11, minmay_hexomino_f4
D:2:      layout_loops_ring, serial_shops, shop_fountains
D:3:      layout_rooms, mainiacjoe_overflow_small_starburst,
          nicolae_ashenzari_panopticon
D:4:      mumra_celtic_spiral_tile, layout_loops_cross,
          mainiacjoe_overflow_cross_hatched, serial_shops, shop, uniq_sigmund
D:5:      layout_loops_ring, minmay_temple_entry_ruins, kennysheep_small_square,
          uniq_menkaure, uniq_eustachio, uniq_edmund
D:6:      layout_loops_corners, uniq_pikel
D:7:      layout_loops_ring, lemuel_crystal_altar,
          gammafunk_ghost_nasty_kobolds, enter_bailey_3,
          small_statue_intersection
D:8:      layout_rooms, serial_shops, nicolae_inconvenience_store, shop, shop,
          shop, shop, st_stairs_5
D:9:      layout_cave_pools, lair_entry_dummy, hiddenorc1_lemuel
D:10:     layout_loops_corners, serial_shops, nicolae_take_the_stairs,
          nicolae_shop_temple_entry_statues_fountains, shop,
          gammafunk_ghost_hydra_chop
Lair:1:   layout_regular_city, lemuel_fruit_tree, grunt_megastairs_2,
          infiniplex_staircase_pool

Skill      XL: |  1  2  3  4  5  6  7  8  9 10 11 |
---------------+----------------------------------+-----
Short Blades   | 1 2 3 4 5 6 |  6.7
Long Blades    | 1 2 3 4 5 6 |  6.7
Maces & Flails | 1 2 3 4 5 6 |  6.7
Polearms       | 1 2 3 4 5 6 |  6.7
Staves         | 1 2 3 4 5 6 |  6.7
Slings         | 1 2 3 4 5 6 |  6.7
Bows           | 1 2 3 4 5 6 |  6.7
Crossbows      | 1 2 3 4 5 6 |  6.7
Throwing       | 1 2 3 4 5 6 |  6.7
Stealth        | 1 2 3 4 5 6 |  6.7
Shields        | 1 2 3 4 5 6 |  6.7
Unarmed Combat | 1 2 3 4 5 6 |  6.7
Spellcasting   | 1 2 3 4 5 6 |  6.7
Evocations     | 1 2 3 4 5 6 |  6.7
Conjurations   | 1 2 3 4 5 |  5.6
Hexes          | 1 2 3 4 5 |  5.6
Summonings     | 1 2 3 4 5 |  5.6
Necromancy     | 1 2 3 4 5 |  5.6
Translocations | 1 2 3 4 5 |  5.6
Transmutations | 1 2 3 4 5 |  5.6
Fire Magic     | 1 2 3 4 5 |  5.6
Ice Magic      | 1 2 3 4 5 |  5.6
Air Magic      | 1 2 3 4 5 |  5.6
Earth Magic    | 1 2 3 4 5 |  5.6
Poison Magic   | 1 2 3 4 5 |  5.6
Dodging        | 3 4 5 6 7 |  7.3
Invocations    | 5 6 7 8 |  8.8
Axes           | 5 6 7 8 |  8.2
Armour         | 5 6 7 8 |  8.2
Fighting       | 7 8 9 |  9.5

Action                   |  1- 3 |  4- 6 |  7- 9 | 10-12 || total
-------------------------+-------+-------+-------+-------++-------
Melee: Hand axe          |    89 |   114 |   122 |   188 ||   513
       Bite              |    10 |    11 |    35 |    47 ||   103
       Rapier            |       |       |   181 |   325 ||   506
       Long sword        |       |       |       |     9 ||     9
Throw: Dart              |       |       |     2 |    10 ||    12
Invok: Depart the Abyss  |     1 |       |       |       ||     1
       Banish            |       |       |       |     4 ||     4
Evoke: Wand              |       |       |       |     1 ||     1
  Use: Scroll            |    11 |     4 |     8 |    13 ||    36
       Potion            |       |     1 |     2 |    14 ||    17
Armor: Leather armour    |     6 |       |       |       ||     6
       Chain mail        |    58 |    72 |   127 |   200 ||   457
Dodge: Dodged            |    68 |    43 |   173 |   416 ||   700
Block: Buckler           |       |       |    91 |   255 ||   346

Table legend: (Time is in decaauts)
 A = Elapsed time spent in this place.
 B = Non-inter-level travel time spent in this place.
 C = Inter-level travel time spent in this place.
 D = Time resting spent in this place.
 E = Time spent auto-exploring this place.
 F = Levels seen in this place.
 G = Mean time per level.
                   A        B        C        D        E       F      G
               +--------+--------+--------+--------+--------+-----+--------+
         Total |  14536 |  14032 |    504 |   2076 |   9485 |  14 | 1038.3 |
       Dungeon |  14238 |  13735 |    503 |   2076 |   9357 |  10 | 1423.8 |
          Lair |    174 |    174 |      0 |      0 |     28 |   1 |  174.0 |
         Abyss |    112 |    112 |      0 |      0 |    100 |   2 |   56.0 |
        Bailey |     10 |     10 |      0 |      0 |      0 |   1 |   10.0 |
               +--------+--------+--------+--------+--------+-----+--------+

Top non-repeatable levels by time:
     D:7: 2716 daAuts
    D:10: 2201 daAuts
     D:5: 1962 daAuts
     D:4: 1814 daAuts
     D:8: 1541 daAuts
     D:6: 1009 daAuts
     D:1: 856 daAuts
     D:9: 845 daAuts
     D:2: 721 daAuts
     D:3: 568 daAuts
  Lair:1: 174 daAuts
 Abyss:1: 75 daAuts
 Abyss:2: 37 daAuts
  Bailey: 10 daAuts
